 Dungeon Crawl Stone Soup version 0.28-a0-8-g6e044cf (webtiles) character file.

Game seed: 3808094845473706897

2704 MrTaco21 the Spear-Bearer (level 9, -1/69 HPs)
             Began as a Demonspawn Fighter on July 24, 2021.
             Was a Believer of Okawaru.
             Engulfed by a steam dragon's steam (4 damage)
             ... on level 7 of the Dungeon.
             The game lasted 00:14:04 (11353 turns).

MrTaco21 the Spear-Bearer (Demonspawn Fighter)     Turns: 11353, Time: 00:14:04

Health: -1/69      AC:  8    Str: 21    XL:     9   Next: 39%
Magic:  0/9        EV: 12    Int: 15    God:    Okawaru [**....]
Gold:   107        SH: 14    Dex: 12    Spells: 8/8 levels left

rFire   . . .      SeeInvis .   a - +0 trident
rCold   . . .      Faith    .   c - +0 kite shield
rNeg    . . .      Spirit   +   b - +0 scale mail
rPois   .          Reflect  +   r - +0 helmet
rElec   .          Harm     .   G - +0 cloak
rCorr   .          Rampage  .   (no gloves)
Will    .....                   (no boots)
Stlth   ..........              h - amulet of reflection
HPRegen 0.21/turn               m - +6 ring of intelligence
MPRegen 0.22/turn               (no ring)

@: agile
A: talons 1, powered by pain 2, magic shield, magic regeneration, MP-powered
wands, noise suppression
a: Renounce Religion, Heroism


You were on level 7 of the Dungeon.
You worshipped Okawaru.
Okawaru was pleased with you.
You visited 2 branches of the dungeon, and saw 8 of its levels.
You also visited: Ossuary.

You collected 331 gold pieces.
You spent 224 gold pieces at shops.

Inventory:

Hand Weapons
 a - a +0 trident (weapon)
Missiles
 n - 36 poisoned darts (quivered)
Armour
 b - a +0 scale mail (worn)
 c - a +0 kite shield (worn)
 r - a +0 helmet (worn)
   (You took it off Robin on level 4 of the Dungeon)
 u - a +0 plate armour
   (You took it off Robin on level 4 of the Dungeon)
 v - a scarf of harm
   (You bought it in a shop on level 5 of the Dungeon)
 G - a +0 cloak (worn)
   (You found it on level 7 of the Dungeon)
Jewellery
 h - an amulet of reflection (around neck)
   (You found it on level 2 of the Dungeon)
 m - a +6 ring of intelligence (left hand)
   (You found it on level 3 of the Dungeon)
Wands
 d - a wand of iceblast (7)
   (You found it on level 7 of the Dungeon)
 x - a wand of mindburst (20)
   (You found it on level 5 of the Dungeon)
Scrolls
 f - a scroll of holy word {unknown}
 g - 5 scrolls of blinking {unknown}
 i - a scroll of enchant armour {unknown}
 j - 7 scrolls of identify {unknown}
 l - 3 scrolls of enchant weapon {unknown}
 p - a scroll of immolation {unknown}
 s - a scroll of amnesia {unknown}
 y - 2 scrolls of magic mapping {unknown}
 z - a scroll of fog {unknown}
 B - 2 scrolls of teleportation {unknown}
 C - 6 scrolls of noise {!r}
 E - 2 scrolls of vulnerability {unknown}
Potions
 e - 2 potions of attraction {unknown}
 k - 11 potions of curing {unknown}
 o - 2 potions of flight {unknown}
 q - 2 potions of lignification {unknown}
 t - 5 potions of degeneration {!q}
 w - 4 potions of magic {unknown}
 A - a potion of haste {unknown}
 D - a potion of resistance {unknown}
 F - 3 potions of might


   Skills:
 - Level 6.0 Fighting
 + Level 10.9 Polearms
 - Level 2.6 Armour
 - Level 2.6 Shields


You had 8 spell levels left.
You didn't know any spells.
Your spell library contained the following spells:

 Spells                   Type           Power      Damage    Failure   Level
 Corona                   Hex            0%         N/A       98%         1
 Ensorcelled Hibernation  Hex/Ice        0%         N/A       99%         2
 Slow                     Hex            0%         N/A       99%         2
 Confusing Touch          Hex            0%         N/A       100%        3
 Ozocubu's Armour         Ice            0%         N/A       100%        3
 Tukima's Dance           Hex            0%         N/A       100%        3
 Metabolic Englaciation   Hex/Ice        0%         N/A       100%        5
 Yara's Violent Unravell  Hex/Tmut       0%         3d3       100%        5
 Simulacrum               Ice/Necr       0%         N/A       100%        6


Dungeon Overview and Level Annotations

Branches:
Dungeon (7/15)             Temple (1/1) D:5         Ossuary (visited)

Altars:
Ashenzari
Dithmenos
Elyvilon
Fedhas
Gozag
Hepliaklqana
Kikubaaqudgha
Makhleb
Okawaru
Qazlal
Ru
Sif Muna
Uskayaw
Vehumet
Yredelemnul
Zin
The Shining One

Shops:
D:1 :   D:5 [


Innate Abilities, Weirdness & Mutations

You have sharp toenails.
You sometimes gain power by taking damage.
When hurt, damage is shared between your health and your magic reserves.
You regenerate magic rapidly.
You expend magic power (3 MP) to strengthen your wands.
You passively dampen the noise of your surroundings.


Message History

No target in view!
No target in view!
No target in view!
No target in view!
B - 2 scrolls labelled VEIS KUOHOULO (gained 1)
You see here a bullfrog corpse.
Things that are here:
a +0 flail; an orc corpse
Found a falchion.
A steam dragon comes into view.
The steam dragon hisses angrily.
A steam dragon is nearby!
You hit the steam dragon. The steam dragon breathes steam at you.
The ball of steam hits you!
Your shield prevents you from hitting the steam dragon.
You are engulfed in a cloud of scalding steam.
The steam dragon barely misses you.
The steam dragon claws you but does no damage.
You puncture the steam dragon! You claw the steam dragon.
You are engulfed in a cloud of scalding steam.
The steam dragon bites you. The steam dragon barely misses you.
You barely miss the steam dragon.
You claw the steam dragon, but do no damage.
You are engulfed in a cloud of scalding steam.
The steam dragon breathes steam at you. The ball of steam hits you!
* * * LOW HITPOINT WARNING * * *
You closely miss the steam dragon.
You claw the steam dragon, but do no damage.
You block the steam dragon's attack.
The steam dragon claws you but does no damage.
You puncture the steam dragon!
The steam dragon bites you but does no damage.
The steam dragon claws you but does no damage.
You barely miss the steam dragon.
You claw the steam dragon, but do no damage.
The steam dragon bites you but does no damage.
You block the steam dragon's attack.
You closely miss the steam dragon. You block the steam dragon's attack.
The steam dragon claws you but does no damage.
You hit the steam dragon. The steam dragon breathes steam at you.
The ball of steam hits you!!
* * * LOW HITPOINT WARNING * * *
You focus on the pain.
You feel agile all of a sudden.
You hit the steam dragon but do no damage.
You are engulfed in a cloud of scalding steam.
You die...

#.##.# #.##.#
#.##.# #####.##.#
#.....##.#
#.###.##.######.
#. #...........
#...###.##.######)
#....D@§§..#
#..####§#### ....
.###.##########
.......<......#
...#.#####....#
#.. ### .#


You could see a steam dragon (catching breath).

Vanquished Creatures
  Pikel (D:6)
  2 water moccasins
  An ice beast (D:6)
  A necrophage (D:6)
  A hornet zombie (D:5)
  2 centaurs
  A kobold brigand (D:6)
  Blork the orc (D:6)
  3 bullfrogs
  2 wyvern zombies (D:6)
  3 scorpions
  3 wights
  A human zombie (Ossuary)
  3 centaur zombies
  4 hounds
  A bullfrog skeleton (D:6)
  A centaur skeleton (D:7)
  3 orc priests
  Jessica (D:3)
  2 iguanas
  3 orc wizards
  A hound zombie (D:5)
  2 hound skeletons (D:5)
  3 mummies
  Robin (D:4)
  A howler monkey zombie (D:6)
  6 gnolls (D:5)
  5 adders
  A shadow imp (D:6)
  2 white imps (D:5)
  A worm (D:2)
  A dart slug (D:1)
  14 orcs
  11 ball pythons
  10 bats
  4 endoplasms
  4 giant cockroaches
  A gnoll zombie (Ossuary)
  11 goblins
  7 hobgoblins
  5 jackals
  11 kobolds
  12 quokkas
  3 frilled lizards
  A goblin zombie (Ossuary)
  2 hobgoblin zombies (Ossuary)
  2 kobold zombies
  2 orc zombies
  5 rats
  A bush (D:1)
170 creatures vanquished.

Vanquished Creatures (others)
  5 plants
5 creatures vanquished.

Grand Total: 175 creatures vanquished

Notes
Turn   | Place    | Note
-------+----------+-------------------------------------------
     0 | D:1      | MrTaco21 the Demonspawn Fighter began the quest for the
                  | Orb.
     0 | D:1      | Reached XP level 1. HP: 18/18 MP: 1/1
   371 | D:1      | Gained mutation: You regenerate magic rapidly. [demonic
                  | ancestry]
   371 | D:1      | Reached XP level 2. HP: 24/24 MP: 2/2
   374 | D:1      | Found Tuuff's Book Emporium.
   656 | D:1      | Gained mutation: When hurt, damage is shared between your
                  | health and your magic reserves. [demonic ancestry]
   656 | D:1      | Reached XP level 3. HP: 19/30 MP: 3/3
  1946 | D:2      | Gained mutation: You sometimes gain a little power by
                  | taking damage. [demonic ancestry]
  1946 | D:2      | Reached XP level 4. HP: 19/38 MP: 4/4
  2232 | D:2      | Reached skill level 5 in Fighting
  3183 | D:3      | Noticed Jessica
  3206 | D:3      | Killed Jessica
  3314 | D:3      | Reached XP level 5. HP: 46/46 MP: 5/5
  3560 | D:3      | Found a faded altar of an unknown god.
  3906 | D:4      | Noticed Robin
  4090 | D:4      | Reached skill level 2 in Polearms
  4115 | D:4      | Killed Robin
  5095 | D:4      | Reached skill level 3 in Polearms
  5363 | D:3      | Gained mutation: You sometimes gain power by taking damage.
                  | [demonic ancestry]
  5363 | D:3      | Reached XP level 6. HP: 22/50 MP: 3/6
  5756 | D:4      | Reached skill level 4 in Polearms
  6068 | D:5      | Entered Level 5 of the Dungeon
  6670 | D:5      | Reached skill level 5 in Polearms
  6680 | D:5      | Reached XP level 7. HP: 56/58 MP: 7/7
  6696 | D:5      | Found a staircase to the Ecumenical Temple.
  6719 | D:5      | Found Reipon's Antique Armour Shop.
  6731 | D:5      | Bought a glowing scarf for 224 gold pieces
  6914 | D:5      | Reached skill level 6 in Polearms
  7445 | D:5      | Reached skill level 7 in Polearms
  7732 | Temple   | Entered the Ecumenical Temple
  7941 | Temple   | Became a worshipper of Warmaster Okawaru
  8437 | D:5      | Found Reipon's Antique Armour Shop.
  8721 | D:6      | Gained mutation: You have sharp toenails. [demonic
                  | ancestry]
  8721 | D:6      | Reached XP level 8. HP: 54/64 MP: 6/8
  8772 | D:6      | Found a large runed translucent door.
  8773 | D:6      | Found a large runed translucent door.
  8878 | D:6      | Noticed Pikel
  8915 | D:6      | Killed Pikel
  8915 | D:6      | Reached * piety under Okawaru
  8916 | D:6      | Reached skill level 9 in Polearms
  9173 | D:6      | Found a sand-covered staircase.
  9181 | Ossuary  | Entered an ossuary
  9472 | D:6      | Gained mutation: You passively dampen the noise of your
                  | surroundings. [potion of mutation]
  9472 | D:6      | Gained mutation: You expend magic power (3 MP) to
                  | strengthen your wands. [potion of mutation]
  9501 | D:6      | Reached ** piety under Okawaru
  9650 | D:6      | Reached XP level 9. HP: 65/69 MP: 6/9
  9761 | D:6      | Reached skill level 10 in Polearms
  9873 | D:6      | Noticed Blork the orc
  9884 | D:6      | Killed Blork the orc
 10778 | D:6      | Found a blossoming altar of Fedhas.
 10789 | D:6      | Found a radiant altar of Vehumet.
 11352 | D:7      | HP: 3/69 [steam dragon/ball of steam (23)]
 11353 | D:7      | Engulfed by a steam dragon's steam

Illustrated notes

Levels and vault maps discovered:
D:1:      giann_horns, layout_rooms, serial_shops, shop, serial_forest,
          infiniplex_forest_end_3, infiniplex_forest_straight_3,
          infiniplex_forest_lined_2, infiniplex_forest_straight_4,
          infiniplex_forest_straight_1, infiniplex_forest_lined_2,
          infiniplex_forest_clump_double, infiniplex_forest_3_way,
          infiniplex_forest_lined_room_2, minivault_27,
          chequers_serial_rivers_large_a
D:2:      layout_basic
D:3:      minmay_skewed_foursquare, layout_rooms,
          hellmonk_ecumenical_altar_inner_sanctum, uniq_jessica
D:4:      layout_basic, uniq_robin
D:5:      layout_loops_ring, temple_doors_e, serial_shops, shop,
          minmay_misc_feat_plants, serial_bayou_pond_b
D:6:      layout_loops_ring, jmf_multi_god_temple2, nicolae_ossuary_entry_giza,
          uniq_pikel, uniq_blork_the_orc
D:7:      layout_basic, nemelex_altar_shiori
Temple:   regret_index_temple_generic_petals

Skill      XL: |  1  2  3  4  5  6  7  8  9 |
---------------+----------------------------+-----
Fighting       | 4 5 6 |  6.0
Polearms       | 3 5 7 9 10 | 10.9
Armour         | |  2.6
Shields        | |  2.6

Action                   |  1- 3 |  4- 6 |  7- 9 || total
-------------------------+-------+-------+-------++-------
Melee: Trident           |   271 |   233 |   391 ||   895
       Kick              |       |       |    75 ||    75
  Use: Potion            |       |       |     1 ||     1
Armor: Scale mail        |    63 |    71 |    86 ||   220
Dodge: Dodged            |    28 |    62 |    51 ||   141
Block: Kite shield       |    89 |   190 |   202 ||   481
       Reflection        |       |     4 |     6 ||    10

Table legend: (Time is in decaauts)
 A = Elapsed time spent in this place.
 B = Non-inter-level travel time spent in this place.
 C = Inter-level travel time spent in this place.
 D = Time resting spent in this place.
 E = Time spent auto-exploring this place.
 F = Levels seen in this place.
 G = Mean time per level.
                   A        B        C        D        E       F      G
               +--------+--------+--------+--------+--------+-----+--------+
         Total |  11660 |  11058 |    602 |   2822 |   6252 |   9 | 1295.6 |
       Dungeon |  11130 |  10553 |    577 |   2822 |   5895 |   7 | 1590.0 |
        Temple |    235 |    210 |     25 |      0 |    179 |   1 |  235.0 |
       Ossuary |    293 |    293 |      0 |      0 |    178 |   1 |  293.0 |
               +--------+--------+--------+--------+--------+-----+--------+

Top non-repeatable levels by time:
     D:5: 2258 daAuts
     D:6: 2047 daAuts
     D:2: 1664 daAuts
     D:1: 1660 daAuts
     D:3: 1572 daAuts
     D:4: 1490 daAuts
     D:7: 437 daAuts
 Ossuary: 293 daAuts
  Temple: 235 daAuts
